 Dungeon Crawl Stone Soup version 0.18.1-6-gd335043 (webtiles) character file.

71 M4edhros the Shield-Bearer (level 4, -2/35 HPs)
             Began as a Formicid Fighter on May 16, 2016.
             Killed from afar by Terence (4 damage)
             ... with a wand of flame
             ... on level 2 of the Dungeon.
             The game lasted 00:01:25 (1221 turns).

M4edhros the Shield-Bearer (Formicid Fighter)       Turns: 1221, Time: 00:01:26

Health: -2/35      AC:  6    Str: 20    XL:     4   Next: 47%
Magic:  4/4        EV:  8    Int:  8    God:
Gold:   107        SH:  9    Dex: 11    Spells: 0 memorised, 3 levels left

rFire  . . .     SeeInvis +     a - +0 trident
rCold  . . .     Gourm    .     b - +0 scale mail
rNeg   . . .     Faith    .     c - +0 shield
rPois  .         Spirit   .     (helmet unavailable)
rElec  .         Dismiss  .     (no cloak)
rCorr  .         Reflect  .     (no gloves)
SustAt .         Harm     .     (no boots)
MR     .....                    (no amulet)
Stlth  ..........               (no ring)
                                (no ring)

@: not resistant to hostile enchantments, extremely unstealthy
A: permanent stasis, dig shafts and tunnels, four strong arms, antennae 3
a: Dig, Shaft Self


You were on level 2 of the Dungeon.
You were not hungry.

You visited 1 branch of the dungeon, and saw 2 of its levels.

You collected 107 gold pieces.

Inventory:

Hand Weapons
 a - a +0 trident (weapon)
Armour
 b - a +0 scale mail (worn)
 c - a +0 shield (worn)
Scrolls
 e - 2 scrolls of teleportation
 p - a scroll of remove curse
 q - a scroll of identify
Potions
 d - a potion of might
 k - a potion of heal wounds {unknown}
 l - a potion of flight {unknown}
 m - a potion of haste
 n - a potion of curing {unknown}
 o - a potion of degeneration {unknown}
Comestibles
 f - a bread ration
 g - a slice of pizza
 h - 4 fruits
 i - a beef jerky
 j - a meat ration


   Skills:
 - Level 3.2 Fighting
 + Level 3.8 Polearms
 - Level 3.2 Armour
 + Level 4.4 Shields


You had 3 spell levels left.
You didn't know any spells.

Dungeon Overview and Level Annotations

Branches:
Dungeon (2/15)

Altars:

Annotations:
D:2 Terence


Innate Abilities, Weirdness & Mutations

You are under a permanent stasis effect.
You can dig through walls and to a lower floor.
Your four strong arms can wield two-handed weapons with a shield.
You have a pair of large antennae on your head (SInv).


Message History

Terence is severely wounded.
Terence misses you.
Your shield and scale mail prevent you from hitting Terence.
Terence is severely wounded.
Terence screams, "I'm going to kill you!"
Terence zaps a wand.
You block the puff of flame.
You hit Terence but do no damage.
Terence is severely wounded.
Terence zaps a wand.
The puff of flame hits you!
You closely miss Terence.
Terence is severely wounded.
Terence zaps a wand.
The puff of flame hits you!
* * * LOW HITPOINT WARNING * * *
You barely miss Terence.
Terence is severely wounded.
Terence hits you but does no damage.
Drink which item? (? for menu, Esc to quit)
Okay, then.
Terence zaps a wand.
The puff of flame hits you!
You die...

#. #..... . #. #...#
#$##...# #.#...# ##### ##
##....### ..... #.#
##.....# .##.######
#.###.#@...###.#........).
#.#.........<.#..#)####..
#.####.@#...............
#.# #....##.#..#...##..
#.# #...###.#..###.####
#.# #...# #^#..# #.## #
#.# #...###....###..# #
#.####..............#.##
#..................###..
#######.............#...
##.#..............


You could see Terence.

Vanquished Creatures
  An adder (D:2)
  4 gnolls
  A worm (D:2)
  3 bats (D:1)
  2 giant cockroaches (D:1)
  2 hobgoblins
  3 kobolds
  2 giant newts (D:1)
  2 goblins (D:1)
  2 rats (D:2)
22 creatures vanquished.

Notes
Turn   | Place    | Note
--------------------------------------------------------------
     0 | D:1      | M4edhros the Formicid Fighter began the quest for the Orb.
     0 | D:1      | Reached XP level 1. HP: 18/18 MP: 1/1
    50 | D:1      | Reached XP level 2. HP: 9/24 MP: 2/2
   436 | D:1      | Reached XP level 3. HP: 29/29 MP: 3/3
   879 | D:2      | Reached skill level 4 in Shields
   915 | D:2      | Reached XP level 4. HP: 9/35 MP: 4/4
  1201 | D:2      | Noticed Terence
  1215 | D:2      | HP: 1/35 [Terence/wand of flame (13)]
  1221 | D:2      | Killed from afar by Terence

Skill      XL: |  1  2  3 |
---------------+----------+-----
Polearms       | 3 |  3.8
Shields        | 4 |  4.4
Fighting       | |  3.2
Armour         | |  3.2

Action                   |  1- 3 |  4- 6 || total
-------------------------+-------+-------++-------
Melee: Trident           |    99 |    26 ||   125
  Use: Scroll            |       |     4 ||     4
  Eat: Chunk             |       |     1 ||     1
Armor: Scale mail        |    31 |     3 ||    34
Dodge: Dodged            |    29 |     4 ||    33
Block: Shield            |    49 |     8 ||    57
